 Dungeon Crawl Stone Soup version 0.30.0-29-ga12c61a403 (webtiles) character file.

Game seed: 11707898886800927151

300592 safid the Phalangite (level 21, -22/343 HPs)
             Began as a Merfolk Ice Elementalist on June 8, 2023.
             Was the Champion of Vehumet.
             Annihilated by a vault warden
             ... wielding a +0 battleaxe
              (46 damage)
             ... on level 4 of the Vaults on June 9, 2023.
             The game lasted 02:16:26 (45067 turns).

safid the Phalangite (Merfolk Ice Elementalist)    Turns: 45067, Time: 02:16:27

Health: -22/343    AC: 35    Str: 13    XL:     21   Next: 2%
Magic:  37/37      EV: 25    Int: 31    God:    Vehumet [******]
Gold:   2145       SH:  0    Dex: 20    Spells: 16/44 levels left

rFire   . . .        J - +5 scythe "Finisher" {speed, execute}
rCold   + . .        (shield currently unavailable)
rNeg    + + .        n - melded +3 robe of Clouds {*Thunder rCloud rElec}
rPois   ∞            P - +2 hat {Int+3}
rElec   +            y - +2 cloak {Will+}
rCorr   .            i - melded +2 pair of gloves
SInv    .            p - melded +2 pair of boots
Will    ++...        A - amulet of magic regeneration Stlth
                     G - ring of Bukhluis {rElec Str+2 Int+3 Dex+6 Stlth+}
HPRegen 0.77/turn    K - ring "Ysiazxed" {rC+ rN+ EV+5 Int+4}
MPRegen 0.65/turn

%: no passive effects
@: berserking, statue-form, freezing walls, hasted, unable to read, quick
A: slow and powerful, torment resistance 1, boosted hp, (nimble swimmer 2),
mertail, dopey 1, wild magic 1, inability to read after injury 1
}: 2/15 runes: decaying, gossamer
a: End Transformation, Renounce Religion


You were on level 4 of the Vaults.
You worshipped Vehumet.
Vehumet was exalted by your worship.
You were a living statue of rough stone.
You visited 7 branches of the dungeon, and saw 35 of its levels.
You also visited: Sewer, Gauntlet, Ice Cave and Wizlab.

You collected 4299 gold pieces.
You spent 2154 gold pieces at shops.

Inventory:

Hand Weapons
 J - the +5 scythe "Finisher" (weapon) {speed, execute}
   (You found it on level 10 of the Dungeon)
Missiles
 D - 3 curare-tipped darts
Armour
 i - a +2 pair of gloves (melded)
 n - the +3 robe of Clouds (melded) {*Thunder rCloud rElec}
   (You found it on level 3 of the Dungeon)

   *Thunder:  It occasionally creates storm clouds above nearby enemies.
   rCloud:    It grants its wearer immunity to clouds.
   rElec:     It insulates you from electricity.
 p - a +2 pair of boots (melded)
 y - a +2 cloak of willpower (worn)
 O - the +4 robe of Folly {Brill Will-∞ Int+8}
   (You found it on level 1 of the Swamp)

   Brill:     It increases the power of your magical spells and halves their MP
   cost (rounding up).
   Will-∞: It reduces your willpower to zero.
   Int:       It affects your intelligence (+8).
 P - a +2 hat of intelligence (worn)
Jewellery
 e - a ring of poison resistance
 u - a ring of see invisible
 A - an amulet of magic regeneration (around neck)
 G - the ring of Bukhluis (left fist) {rElec Str+2 Int+3 Dex+6 Stlth+}
   (You took it off an orc on level 8 of the Dungeon)

   [ring of dexterity]

   Str:       It affects your strength (+2).
   Int:       It affects your intelligence (+3).
   Dex:       It affects your dexterity (+6).
   rElec:     It insulates you from electricity.
   Stlth:     It makes you more stealthy.
 K - the ring "Ysiazxed" (right fist) {rC+ rN+ EV+5 Int+4}
   (You found it on level 10 of the Dungeon)

   [ring of evasion]

   EV:        It affects your evasion (+5).
   Int:       It affects your intelligence (+4).
   rC:        It protects you from cold.
   rN:        It protects you from negative energy.
Wands
 f - a wand of paralysis (38)
 r - a wand of flame (93)
 v - a wand of iceblast (20)
 w - a wand of digging (23)
 z - a wand of acid (6)
 U - a wand of mindburst (27)
 X - a wand of polymorph (18)
Scrolls
 d - 4 scrolls of butterflies
 h - 4 scrolls of blinking
 j - 6 scrolls of teleportation
 l - 4 scrolls of enchant weapon
 s - 5 scrolls of fog
 x - 10 scrolls of amnesia
 E - 2 scrolls of silence
 I - 9 scrolls of fear
 R - 12 scrolls of identify
 S - 3 scrolls of enchant armour
 V - a scroll of magic mapping
Potions
 a - 4 potions of resistance
 b - 4 potions of magic
 c - 7 potions of brilliance
 g - 6 potions of mutation
 k - 8 potions of curing
 m - 2 potions of berserk rage
 o - 4 potions of lignification
 q - 3 potions of might
 t - 5 potions of flight
 B - 5 potions of haste
 C - 5 potions of cancellation
 M - 4 potions of ambrosia
 T - 3 potions of invisibility
Miscellaneous
 H - a phial of floods
 L - a condenser vane
 N - a phantom mirror
 W - a lightning rod (4/4)
 Y - a box of beasts


   Skills:
 + Level 17.6 Fighting
 * Level 23.5 Polearms
 - Level 12.0 Dodging
 - Level 2.1 Stealth
 - Level 12.0 Spellcasting
 * Level 5.6 Conjurations
 - Level 19.0 Transmutations
 - Level 18.0 Ice Magic
 - Level 6.0 Earth Magic
 - Level 6.0 Evocations


You had 16 spell levels left.
You knew the following spells:

 Your Spells              Type           Power      Damage    Failure   Level
a - Freeze                Ice            100%       1d10      1%          1
b - Frozen Ramparts       Ice            100%       1d16      1%          3
c - Ozocubu's Armour      Ice            100%       N/A       1%          3
d - Statue Form           Tmut/Erth      60%        N/A       4%          6
e - Ozocubu's Refrigerat  Ice            53%        4d19      1%          7
f - Freezing Cloud        Conj/Ice/Air   36%        6-21      1%          5
g - Hailstorm             Conj/Ice       88%        3d18      1%          3

Your spell library contained the following spells:

 Spells                   Type           Power      Damage    Failure   Level
 Lehudib's Crystal Spear  Conj/Erth      31%        10d8      98%         8
 Maxwell's Capacitive Co  Air            12%        ∞         100%        8
 Fire Storm               Conj/Fire      23%        8d6       100%        9
 Shock                    Conj/Air       100%       1d9       1%          1
 Ensorcelled Hibernation  Hex/Ice        100%       N/A       1%          2
 Static Discharge         Conj/Air       92%        2-6/arc   1%          2
 Wereblood                Tmut           100%       N/A       1%          2
 Ignite Poison            Fire/Tmut/Pois 66%        N/A       1%          3
 Petrify                  Tmut/Erth      90%        N/A       1%          4
 Summon Ice Beast         Ice/Summ       77%        N/A       1%          4
 Blade Hands              Tmut           54%        N/A       1%          5
 Lee's Rapid Deconstruct  Erth           32%        3d16*     2%          5
 Fulminant Prism          Conj/Hex       23%        3d12      3%          4
 Sticky Flame             Conj/Fire      46%        2d6       3%          4
 Iskenderun's Battlesphe  Conj           62%        2d11      3%          5
 Metabolic Englaciation   Hex/Ice        38%        N/A       3%          5
 Cigotuvi's Dreadful Rot  Necr/Pois/Air  48%        N/A       7%          2
 Sublimation of Blood     Necr           24%        N/A       7%          2
 Arcjolt                  Conj/Air       23%        1d33      9%          5
 Airstrike                Air            12%        2d(2-18)  10%         4
 Gell's Gravitas          Tloc           24%        N/A       12%         3
 Portal Projectile        Hex/Tloc       48%        N/A       12%         3
 Summon Guardian Golem    Hex/Summ       24%        N/A       12%         3
 Swiftness                Air            24%        N/A       12%         3
 Teleport Other           Tloc           24%        N/A       12%         3
 Tukima's Dance           Hex            24%        N/A       12%         3
 Vhi's Electric Charge    Tloc/Air       48%        N/A       12%         3
 Animate Armour           Summ/Erth      96%        N/A       12%         4
 Leda's Liquefaction      Hex/Erth       24%        N/A       12%         4
 Iron Shot                Conj/Erth      31%        9d6       13%         6
 Anguish                  Hex/Necr       12%        N/A       34%         4
 Cause Fear               Hex            12%        N/A       34%         4
 Manifold Assault         Tloc           24%        N/A       34%         4
 Summon Lightning Spire   Summ/Air       24%        N/A       34%         4
 Agony                    Necr           24%        N/A       67%         5
 Summon Forest            Summ/Tloc      12%        N/A       67%         5
 Summon Mana Viper        Hex/Summ       24%        N/A       67%         5
 Plasma Beam              Fire/Air       12%        2x1d25    71%         6
 Spellforged Servitor     Conj/Summ      23%        N/A       87%         7
 Dispersal                Tloc           12%        N/A       99%         6
 Summon Cactus Giant      Summ           12%        N/A       99%         6
 Enfeeble                 Hex            12%        N/A       100%        7
 Summon Hydra             Summ           12%        N/A       100%        7
 Borgnjor's Revivificati  Necr           12%        N/A       100%        8
 Disjunction              Tloc           12%        N/A       100%        8


Dungeon Overview and Level Annotations

Branches:
Dungeon (15/15)            Temple (1/1) D:7            Lair (5/5) D:8
  Swamp (4/4) Lair:3       Spider (4/4) Lair:2        Slime (0/5) Lair:5
    Orc (2/2) D:10            Elf (0/3) Orc:2        Vaults (4/5) D:14
  Crypt (0/3) Vaults:3     Depths (0/4) D:15          Sewer (visited)
  IceCv (visited)          WizLab (visited)         Gauntlet (visited)

Altars:
Ashenzari
Kikubaaqudgha
Qazlal
Ru
Sif Muna
Trog
Uskayaw
Vehumet
Wu Jian
Xom
Yredelemnul
The Shining One
Jiyva

Shops:
D:4 *   Orc:1 *   Orc:2 *([*   Vaults:1 (

Portals:
Trove: Vaults:3 (give +6 demon whip)

Annotations:
Lair:1 3 runed translucent doors, Drain's ghost, journeyman HOFi


Innate Abilities, Weirdness & Mutations

You are a living statue of rough stone.
Your actions are slow, but your melee attacks are powerful.
You are resistant to unholy torment.
Your maximum health is greatly increased.
You are immune to poison.
Your equipment is partially melded.
((You are very nimble when in or above water. (Stealth+, EV+, Speed+++)))
Your lower body shifts to a powerful aquatic tail in water.
You are dopey. (Int -2)
Your spells are a little harder to cast, but a little more powerful.
You occasionally lose the ability to read scrolls when taking damage.


Message History

You can't see that place.
Unknown command.
Unknown command.
Unknown command.
Unknown command.
Unknown command.
Unknown command.
Unknown command.
Unknown command.
Unknown command.
Unknown command.
Unknown command.
Unknown command.
Unknown command.
Unknown command.
Unknown command.
Unknown command.
Unknown command.
Unknown command.
Unknown command.
Unknown command.
Unknown command.
Unknown command.
A red film seems to cover your vision as you go berserk!
You feel yourself moving faster!
You feel mighty! The vault guard completely misses you.
The wall freezes the deep troll.
The deep troll bites you but does no damage.
The deep troll misses you. The deep troll barely misses you.
The wall freezes the ironbound preserver!
The ironbound preserver gestures wildly while chanting.
The ironbound preserver begins to accept its allies' injuries.
The wall freezes the yaktaur captain!
The yaktaur captain barely misses you. The eidolon completely misses you.
The eidolon hits you but does no damage.
The deep troll closely misses you.
The deep troll claws you but does no damage.
The deep troll misses you.
The wall freezes the vault warden but does no damage.
The vault warden hits you with a +0 battleaxe!!!
You die...

########
#......#
#......+
#.<....#
#......#
#......+ .
#......#
....##c#####
......pp8T..#
.......TpW..#
.......Tp...#
............#
............).
...............
................
...............


You could see an ironbound preserver, a vault warden (strong, sheltered), a
yaktaur captain (sheltered), a vault guard (sheltered), an eidolon (sheltered),
3 deep trolls and an ironbound convoker (sheltered, catching breath).

Vanquished Creatures
  A Head Instructor (WizLab)
  Arachne (Spider:4)
  A quicksilver dragon (WizLab)
  4 thorn hunters
  A sphinx (Vaults:3)
  Agnes (D:14)
  Frances (Spider:1)
  2 azure jellies (Swamp:4)
  4 ghost moths
  Aizul (Spider:3)
  7 emperor scorpions
  Louise (Swamp:3)
  5 vault wardens
  A war gargoyle (Vaults:1)
  13 ironbound preservers
  7 very ugly things
  An orc warlord (Vaults:1)
  2 vampire knights (WizLab)
  5 ironbound thunderhulks
  8 eleionomae
  6 dire elephants
  3 spark wasps
  6 bunyips
  A minotaur (Gauntlet)
  Azrael (Spider:1)
  A crystal guardian (Vaults:3)
  Josephine (Orc:1)
  A fire dragon (D:14)
  7 entropy weavers
  2 ice dragons (Swamp:4)
  A great orb of eyes (shapeshifter) (D:15)
  A great orb of eyes (Vaults:3)
  7 yaktaur captains
  4 vault guards
  7 ironbound frosthearts
  12 hydras
  A jorogumo (Spider:4)
  3 radroaches (Spider:3)
  8 boulder beetles
  8 centaur warriors
  4 ogre magi (WizLab)
  3 ghost crabs
  A spriggan air mage (WizLab)
  A peacekeeper (Vaults:3)
  4 two-headed ogres
  12 alligators
  A deep troll shaman (Lair:5)
  3 catoblepae
  16 death yaks
  Urug (Orc:1)
  2 hell knights (WizLab)
  An orc high priest (Orc:2)
  A vampire mage (WizLab)
  4 skysharks
  4 deep elf knights (WizLab)
  A skeletal warrior (D:10)
  A fire crab (shapeshifter) (D:13)
  5 salamander mystics (WizLab)
  2 goliath frogs (Swamp:1)
  8 pharaoh ants
  A deep troll (shapeshifter) (Vaults:3)
  2 spriggan druids
  2 sun moths
  47 deep trolls
  A glowing orange brain (Vaults:1)
  10 orb spiders
  7 swamp dragons
  4 bog bodies
  A flayed ghost (Vaults:4)
  11 wizards
  13 lindwurms
  7 steelbarb worms
  10 ironbound convokers
  2 necromancers (WizLab)
  14 orc knights
  5 orc sorcerers
  21 ugly things
  5 mana vipers (WizLab)
  7 will-o-the-wisps
  A salamander (D:15)
  10 cyclopes
  4 manticores
  27 wolf spiders
  Joseph (D:7)
  2 moths of wrath (Lair:2)
  10 vault sentinels
  14 elephants (Lair:5)
  9 demonic crawlers
  3 torpor snails
  2 naga magi (WizLab)
  A black mamba (shapeshifter) (D:14)
  A gargoyle (D:13)
  11 cane toads
  4 black mambas
  25 yaktaurs
  An unseen horror (D:6)
  8 komodo dragons
  2 rime drakes
  8 freezing wraiths
  9 ice devils (IceCv)
  A polar bear (Lair:5)
  9 trolls
  A bloated husk (Swamp:3)
  6 tyrant leeches
  7 saltlings (Orc:2)
  A hornet (shapeshifter) (D:13)
  10 blink frogs
  7 dream sheep (Lair:4)
  3 hornets
  25 tarantellas
  2 shadows
  Sigmund (D:3)
  20 culicivoras
  30 slime creatures
  10 wraiths
  50 yaks
  A vampire (D:11)
  2 spriggans
  32 jumping spiders
  18 humans (D:14)
  6 wyverns
  A water elemental (D:13)
  3 basilisks
  4 swamp worm simulacra (Swamp:4)
  A human (shapeshifter) (D:14)
  3 dire elephant simulacra (IceCv)
  3 fire elementals (Lair:2)
  2 chaos spawn (Gauntlet)
  A death yak simulacrum (IceCv)
  4 steam dragons
  A neqoxec (Gauntlet)
  55 redbacks
  9 vampire mosquitoes
  5 wargs
  20 swamp worms
  4 harpy simulacra (IceCv)
  2 acid dragons
  14 hydra simulacra (Swamp:4)
  17 water moccasins
  2 hell hounds
  4 swamp drakes
  36 orc warriors
  3 sky beasts
  5 black bears
  8 boggarts
  4 ice beasts
  11 ogres
  6 centaurs
  11 wolves
  6 kobold brigands
  A phantom (D:7)
  A bullfrog (shapeshifter) (D:12)
  10 bullfrogs
  A gnoll sergeant (D:8)
  2 scorpions
  17 wights
  3 elephant simulacra (IceCv)
  8 killer bees
  10 howler monkeys
  An electric eel (Spider:4)
  6 jellies
  6 hounds
  26 orc priests
  2 sleepcaps
  2 gnoll boudas
  Ijyb (D:3)
  7 orc wizards
  7 polar bear simulacra (IceCv)
  A troll simulacrum (IceCv)
  4 wolf simulacra (IceCv)
  Robin (D:3)
  15 gnolls
  9 adders
  A naga simulacrum (IceCv)
  2 river rats (Sewer)
  16 white imps
  2 swamp drake simulacra (Swamp:4)
  5 ufetubi
  3 worms
  4 dart slugs
  83 orcs
  13 endoplasms
  5 giant cockroaches
  10 goblins
  3 hobgoblins
  8 quokkas
  12 ball pythons
  8 bats
  6 frilled lizards
  13 kobolds
  9 rats
1377 creatures vanquished.

Vanquished Creatures (others)
  2 bloated husks
  A swamp worm simulacrum (Swamp:4)
  3 vampire mosquitoes (Swamp:4)
  A swamp drake simulacrum (Swamp:4)
  28 foxfires
35 creatures vanquished.

Grand Total: 1412 creatures vanquished

Notes
Turn   | Place    | Note
-------+----------+-------------------------------------------
     0 | D:1      | safid the Merfolk Ice Elementalist began the quest for the
                  | Orb.
     0 | D:1      | Reached XP level 1. HP: 13/13 MP: 3/3
   138 | D:1      | Reached XP level 2. HP: 14/20 MP: 3/5
   211 | D:1      | Reached skill level 1 in Fighting
   748 | D:1      | Reached XP level 3. HP: 24/26 MP: 6/6
   761 | D:1      | Learned a level 3 spell: Frozen Ramparts
  1458 | D:2      | Reached skill level 5 in Ice Magic
  1458 | D:2      | Reached XP level 4. HP: 33/33 MP: 6/8
  1462 | D:2      | Learned a level 3 spell: Ozocubu's Armour
  1981 | D:3      | Found the +3 robe of Clouds {*Thunder rCloud rElec}
  2277 | D:3      | Noticed Robin
  2284 | D:3      | Killed Robin
  2401 | D:3      | Noticed Ijyb
  2404 | D:3      | Killed Ijyb
  2478 | D:3      | Noticed Sigmund
  2494 | D:3      | Killed Sigmund
  2495 | D:3      | Reached XP level 5. HP: 37/41 MP: 0/10
  2495 | D:3      | Reached XP level 6. HP: 42/47 MP: 0/11
  3005 | D:3      | Found a faded altar of an unknown god.
  3380 | D:4      | Found Oribeeli's Assorted Antiques.
  3585 | D:4      | Reached XP level 7. HP: 54/54 MP: 13/13
  3909 | D:4      | Identified the +3 sling of Jyffo {antimagic, Drain rPois
                  | rN+ SInv}
  4107 | D:5      | Entered Level 5 of the Dungeon
  4268 | D:5      | Noticed a +0 falchion
  4268 | D:5      | Noticed a +0 falchion
  4269 | D:5      | Noticed a +0 spear
  4271 | D:5      | Noticed a +0 dagger
  4271 | D:5      | Noticed a +0 dagger
  4271 | D:5      | Noticed a +0 short sword
  4272 | D:5      | Noticed a +0 short sword
  4273 | D:5      | Noticed a +0 spear
  4286 | D:5      | Found a hide-covered altar of Uskayaw.
  4719 | D:5      | Reached skill level 5 in Fighting
  5227 | D:6      | Reached skill level 5 in Spellcasting
  5227 | D:6      | Reached XP level 8. HP: 59/62 MP: 15/15
  5264 | D:6      | Found a glowing drain.
  5276 | Sewer    | Entered a sewer
  5816 | D:6      | Reached XP level 9. HP: 67/71 MP: 18/18
  6585 | D:6      | Killed an unseen horror
  6997 | D:7      | Found a glowing golden altar of the Shining One.
  7097 | D:7      | Found a staircase to the Ecumenical Temple.
  7205 | Temple   | Entered the Ecumenical Temple
  7220 | Temple   | Became a worshipper of Vehumet
  7289 | D:7      | Reached XP level 10. HP: 79/82 MP: 21/21
  7302 | D:7      | Noticed Joseph
  7316 | D:7      | Killed Joseph
  7317 | D:7      | Reached skill level 10 in Ice Magic
  7536 | D:8      | Found a broken altar of Ashenzari.
  7547 | D:8      | Noticed a two-headed ogre
  7558 | D:8      | Killed a two-headed ogre
  8062 | D:8      | Noticed a centaur warrior
  8089 | D:8      | Killed a centaur warrior
  8089 | D:8      | Reached * piety under Vehumet
  8089 | D:8      | Offered knowledge of Kiss of Death by Vehumet.
  8090 | D:8      | Reached skill level 10 in Fighting
  8294 | D:8      | Noticed a brown ugly thing
  8298 | D:8      | Noticed a green ugly thing
  8304 | D:8      | Killed a green ugly thing
  8304 | D:8      | Identified the +2 ring mail of the Volcano {rF+}
  8304 | D:8      | Identified the ring of Bukhluis {rElec Str+2 Int+3 Dex+6
                  | Stlth+}
  8305 | D:8      | Reached XP level 11. HP: 82/92 MP: 23/23
  8309 | D:8      | Killed a cyan ugly thing
  8333 | D:8      | Noticed a cyclops
  8345 | D:8      | Killed a cyclops
  8346 | D:8      | Reached skill level 5 in Dodging
  8443 | D:8      | Noticed a catoblepas
  8540 | D:8      | Killed a catoblepas
  8866 | D:8      | Found a staircase to the Lair.
  9031 | D:8      | Found a shimmering altar of Xom.
  9131 | D:8      | Learned a level 6 spell: Statue Form
  9159 | D:9      | Found an ancient bone altar of Kikubaaqudgha.
  9177 | D:9      | Reached skill level 1 in Transmutations
  9193 | D:9      | Reached ** piety under Vehumet
  9206 | D:9      | Offered knowledge of Momentum Strike by Vehumet.
  9455 | D:9      | Reached skill level 1 in Earth Magic
  9576 | D:9      | Found a basalt altar of Yredelemnul.
 10030 | D:9      | Noticed a two-headed ogre
 10034 | D:9      | Killed a two-headed ogre
 10270 | D:9      | Found an ornate altar of the Wu Jian Council.
 10411 | D:10     | Entered Level 10 of the Dungeon
 10426 | D:10     | Identified the ring "Ysiazxed" {rC+ rN+ EV+5 Int+4}
 10525 | D:10     | Found a sacrificial altar of Ru.
 10536 | D:10     | Identified the +9 hand axe "Zylo" {freeze, rF+ Int+2}
 10652 | D:10     | Noticed a skeletal warrior
 10652 | D:10     | Found the +5 scythe "Finisher" {speed, execute}
 10668 | D:10     | Killed a skeletal warrior
 10669 | D:10     | Reached XP level 12. HP: 64/100 MP: 25/25
 10863 | D:10     | Offered knowledge of Stone Arrow by Vehumet.
 10892 | D:10     | Found a staircase to the Orcish Mines.
 11060 | D:10     | Reached skill level 1 in Polearms
 11232 | Lair:1   | Entered Level 1 of the Lair of Beasts
 11241 | Lair:1   | Reached skill level 10 in Spellcasting
 11271 | Lair:1   | Reached *** piety under Vehumet
 11272 | Lair:1   | Reached skill level 2 in Polearms
 11294 | Lair:1   | Found a runed translucent gate.
 11295 | Lair:1   | Found a runed translucent gate.
 11300 | Lair:1   | Noticed Drain's ghost (journeyman HOFi)
 11302 | Lair:1   | Noticed a four-headed hydra
 11358 | Lair:1   | Reached skill level 3 in Polearms
 11359 | Lair:1   | Reached skill level 5 in Transmutations
 11386 | Lair:1   | Found a gate leading to a gauntlet.
 11397 | Gauntlet | Entered a Gauntlet
 11397 | Gauntlet | Found a transporter.
 11397 | Gauntlet | Found a transporter.
 11397 | Gauntlet | Found a transporter.
 11502 | Gauntlet | Found a transporter.
 11504 | Gauntlet | Noticed a tengu warrior
 11506 | Gauntlet | Found a transporter.
 11506 | Gauntlet | Found a transporter.
 11514 | Gauntlet | Found a transporter.
 11515 | Gauntlet | Found a transporter.
 11517 | Gauntlet | Found a transporter.
 11517 | Gauntlet | Found a transporter.
 11521 | Gauntlet | Noticed a death yak
 11522 | Gauntlet | Noticed a death yak
 11526 | Gauntlet | Found a transporter.
 11526 | Gauntlet | Noticed a death yak
 11526 | Gauntlet | Noticed a death yak
 11527 | Gauntlet | Noticed a death yak
 11528 | Gauntlet | Noticed a death yak
 11530 | Gauntlet | Found a transporter.
 11535 | Gauntlet | Noticed a great orb of eyes
 11954 | Gauntlet | Killed a death yak
 11957 | Gauntlet | Killed a death yak
 11958 | Gauntlet | Reached skill level 4 in Polearms
 11959 | Gauntlet | Killed a death yak
 11987 | Gauntlet | Killed a death yak
 11990 | Gauntlet | Killed a death yak
 12032 | Gauntlet | Killed a death yak
 12033 | Gauntlet | Reached skill level 5 in Polearms
 12179 | Gauntlet | Identified the +1 pair of gloves of Pandemonium {Str+5
                  | Int-4}
 12220 | Gauntlet | Identified the +5 morningstar "Qiegaw" {speed, Str+4}
 12220 | Gauntlet | Noticed a minotaur
 12227 | Gauntlet | Killed a minotaur
 12227 | Gauntlet | Offered knowledge of Dazzling Flash by Vehumet.
 12419 | Gauntlet | Identified the +5 halberd of Amorality {flame, rPois rCorr}
 12419 | Gauntlet | Identified the staff of death "Muinost" {Fly rF+++ rN+
                  | Str-2 Int+4}
 12419 | Gauntlet | Identified the +6 rapier of the Wolf {holy, *Rage rC+
                  | Will+}
 12419 | Gauntlet | Identified the +4 long sword "Humubin" {protect, rPois
                  | rCorr Int+2}
 12420 | Gauntlet | Got the Tome of Ghoulish Fascination
 12445 | Lair:1   | Reached XP level 13. HP: 86/109 MP: 27/27
 12538 | Lair:1   | Found a runed translucent gate.
 12886 | Lair:2   | Reached skill level 6 in Polearms
 13395 | Lair:2   | Found a hole to the Spider Nest.
 13896 | Lair:3   | Found a shimmering blue altar of Sif Muna.
 13901 | Lair:3   | Reached skill level 7 in Polearms
 13908 | Lair:3   | Reached **** piety under Vehumet
 14106 | Lair:3   | Offered knowledge of Inner Flame by Vehumet.
 14369 | Lair:3   | Found a staircase to the Swamp.
 14394 | Lair:3   | Reached skill level 8 in Polearms
 15211 | Lair:4   | HP: 4/111 [wyvern (41)]
 15940 | Lair:5   | Entered Level 5 of the Lair of Beasts
 15941 | Lair:5   | Found a viscous altar of Jiyva.
 15942 | Lair:5   | Found a staircase to the Slime Pits.
 15979 | Lair:5   | Reached skill level 9 in Polearms
 15979 | Lair:5   | Reached skill level 10 in Transmutations
 16298 | Lair:5   | Reached XP level 14. HP: 108/118 MP: 28/28
 16497 | Lair:5   | Reached skill level 10 in Polearms
 16801 | Lair:5   | Reached ***** piety under Vehumet
 16801 | Lair:5   | Offered knowledge of Olgreb's Toxic Radiance by Vehumet.
 16849 | Lair:5   | Reached skill level 15 in Ice Magic
 16905 | Lair:5   | Noticed a dire elephant
 17032 | Lair:5   | Killed a dire elephant
 17071 | Lair:5   | Reached skill level 11 in Polearms
 17212 | Lair:5   | Got the Papyrus of the Charred Band
 18157 | Orc:1    | Entered Level 1 of the Orcish Mines
 18238 | Orc:2    | Entered Level 2 of the Orcish Mines
 18238 | Orc:2    | Noticed Josephine
 18238 | Orc:2    | Noticed Urug
 18238 | Orc:2    | Found a staircase to the Elven Halls.
 18259 | Orc:1    | Reached skill level 12 in Polearms
 18278 | Orc:1    | Killed Urug
 18279 | Orc:1    | Gained mutation: You are dopey. (Int -2) [mutagenic glow]
 18285 | Orc:1    | Gained mutation: You occasionally lose the ability to read
                  | scrolls when taking damage. [mutagenic glow]
 18438 | Orc:1    | Killed Josephine
 18702 | Orc:2    | Reached XP level 15. HP: 126/126 MP: 29/29
 18955 | Orc:2    | Offered knowledge of Iron Shot by Vehumet.
 19045 | Orc:2    | Found Oqaiduast's Weapon Shoppe.
 19047 | Orc:2    | Found Carchaah's Antique Armour Shoppe.
 19075 | Orc:2    | Paralysed by an orc sorcerer for 5 turns
 19089 | Orc:2    | Reached skill level 13 in Polearms
 19262 | Orc:2    | Found Votothod's Assorted Antiques.
 19456 | Orc:2    | Found Rupt's Assorted Antiques.
 20408 | Orc:1    | Found Doytoven's General Store.
 20414 | Orc:1    | Bought a potion of curing for 33 gold pieces
 20414 | Orc:1    | Bought a scroll of identify for 22 gold pieces
 20580 | Orc:2    | Bought a pair of embroidered boots for 225 gold pieces
 20609 | Orc:2    | Bought a scroll of identify for 58 gold pieces
 20609 | Orc:2    | Bought a scroll of identify for 58 gold pieces
 20640 | Orc:2    | Bought a scroll of identify for 68 gold pieces
 20640 | Orc:2    | Bought a potion of heal wounds for 170 gold pieces
 20851 | D:4      | Bought a phial of floods for 1280 gold pieces
 20851 | D:4      | Bought a scroll of blinking for 240 gold pieces
 21028 | Swamp:1  | Entered Level 1 of the Swamp
 21118 | Swamp:1  | Reached skill level 5 in Earth Magic
 21438 | Swamp:1  | Reached skill level 1 in Evocations
 21742 | Swamp:1  | Found the +4 robe of Folly {Brill Will-∞ Int+8}
 22654 | Swamp:2  | Offered knowledge of Freezing Cloud by Vehumet.
 22838 | Swamp:2  | Learned a level 5 spell: Freezing Cloud
 23042 | Swamp:2  | Noticed a thorn hunter
 23050 | Swamp:2  | Killed a thorn hunter
 23051 | Swamp:2  | Reached skill level 14 in Polearms
 23587 | Swamp:2  | Reached XP level 16. HP: 133/133 MP: 26/30
 24986 | D:12     | Found a frozen archway.
 24993 | IceCv    | Entered an ice cave
 25372 | IceCv    | Found an ancient bone altar of Kikubaaqudgha.
 25393 | IceCv    | Offered knowledge of Plasma Beam by Vehumet.
 25582 | IceCv    | Identified the +3 leather armour "Ukieg" {rN+ MP-9 Str+3
                  | Int+2}
 26151 | D:13     | Reached skill level 5 in Evocations
 27348 | D:14     | Noticed Agnes
 27355 | D:14     | Killed Agnes
 27358 | D:14     | Reached skill level 15 in Polearms
 27965 | D:14     | Found a gate to the Vaults.
 28182 | D:14     | Identified the +5 long sword "Risyaski" {distort, rF+
                  | Will++ Str-2 Dex+2}
 28402 | D:14     | Offered knowledge of Arcjolt by Vehumet.
 28416 | D:14     | Reached skill level 15 in Transmutations
 28764 | D:15     | Entered Level 15 of the Dungeon
 29223 | D:15     | Reached XP level 17. HP: 140/140 MP: 31/31
 29244 | D:15     | Found a staircase to the Depths.
 29926 | Swamp:3  | Noticed Louise
 29941 | Swamp:3  | Killed Louise
 30646 | Swamp:4  | Entered Level 4 of the Swamp
 30865 | Swamp:4  | Reached skill level 16 in Polearms
 32170 | Swamp:4  | Offered knowledge of Fireball by Vehumet.
 32214 | Swamp:4  | Got a decaying rune of Zot
 32426 | Swamp:4  | Reached skill level 15 in Fighting
 32800 | Spider:1 | Entered Level 1 of the Spider Nest
 32800 | Spider:1 | Noticed Azrael
 33380 | Spider:1 | Killed Azrael
 33880 | Spider:1 | Reached skill level 10 in Dodging
 34213 | Spider:1 | Reached skill level 17 in Polearms
 34526 | Spider:1 | Offered knowledge of Ozocubu's Refrigeration by Vehumet.
 34568 | Spider:1 | Learned a level 7 spell: Ozocubu's Refrigeration
 34640 | Spider:1 | Reached XP level 18. HP: 149/149 MP: 32/32
 34665 | Spider:1 | Noticed Frances
 34678 | Spider:1 | Killed Frances
 35450 | Spider:2 | Gained mutation: Your spells are a little harder to cast,
                  | but a little more powerful. [mutagenic glow]
 36524 | Spider:3 | Noticed Aizul
 36549 | Spider:3 | Killed Aizul
 36550 | Spider:3 | Reached skill level 18 in Polearms
 36714 | Spider:4 | Entered Level 4 of the Spider Nest
 36800 | Spider:4 | Identified the +10 falchion of Evisceration {freeze, rCorr
                  | Str+3 Int-2}
 37193 | Spider:4 | Noticed Arachne
 37206 | Spider:4 | Killed Arachne
 37418 | Spider:4 | Reached ****** piety under Vehumet
 37473 | Spider:4 | Offered knowledge of Lehudib's Crystal Spear by Vehumet.
 37473 | Spider:4 | Offered knowledge of Fire Storm by Vehumet.
 37473 | Spider:4 | Offered knowledge of Maxwell's Capacitive Coupling by
                  | Vehumet.
 38179 | Spider:4 | Reached skill level 19 in Polearms
 38259 | Spider:4 | Got a gossamer rune of Zot
 38676 | Vaults:1 | Entered Level 1 of the Vaults
 38702 | Vaults:1 | Found Gokeoc's Weapon Boutique.
 38710 | Vaults:1 | Reached XP level 19. HP: 157/157 MP: 34/34
 38850 | Vaults:1 | Found a magical portal.
 38866 | WizLab   | Entered Yara's Duelist Academy
 39369 | WizLab   | Reached skill level 20 in Polearms
 39371 | WizLab   | Paralysed by a vampire knight for 2 turns
 39560 | WizLab   | Noticed Irphugith
 39608 | WizLab   | Killed Irphugith the Head Instructor
 39845 | WizLab   | Found the +5 demon whip "Spellbinder" {antimagic, disrupt,
                  | Will+}
 39851 | WizLab   | Got Yara's Vademecum on Enchantment
 40029 | Vaults:1 | Reached skill level 21 in Polearms
 40474 | Vaults:1 | Identified the +10 long sword of the Jester {vamp, rPois
                  | Will+}
 40588 | Vaults:1 | Learned a level 3 spell: Hailstorm
 41486 | Vaults:1 | Reached skill level 22 in Polearms
 41765 | Vaults:1 | Reached XP level 20. HP: 166/166 MP: 36/36
 41937 | Vaults:2 | Reached skill level 1 in Conjurations
 43086 | Vaults:2 | You fall into a shaft and drop 1 floor!
 43118 | Vaults:3 | Found a portal to a secret trove of treasure.
 43785 | Vaults:3 | Reached skill level 23 in Polearms
 44169 | Vaults:3 | Reached skill level 5 in Conjurations
 44716 | Vaults:3 | Identified the +10 longbow "Xodda" {drain, rC- rN+ MP+9
                  | Str-2 Int+5}
 44717 | Vaults:3 | Found a staircase to the Crypt.
 44717 | Vaults:3 | Found a basalt altar of Yredelemnul.
 44718 | Vaults:3 | Found an ancient bone altar of Kikubaaqudgha.
 44980 | Vaults:3 | Reached XP level 21. HP: 176/176 MP: 37/37
 45001 | Vaults:3 | Identified the +0 ring mail "Cugaf" {Regen+}
 45065 | Vaults:4 | HP: 6/228 [deep troll[an ironbound preserver] (6)]
 45067 | Vaults:4 | Annihilated by a vault warden

Illustrated notes

Levels and vault maps discovered:
D:1:      minmay_arrival_radiant_lines, layout_loops_ring,
          hangedman_decor_clover_reticule
D:2:      layout_basic
D:3:      layout_basic, nicolae_ecumenical_oubliette, uniq_robin, uniq_ijyb,
          uniq_sigmund
D:4:      layout_loops_ring, serial_shops, shop, kennysheep_generic_room_14
D:5:      layout_basic, nicolae_uskayaw_en_pointe
D:6:      minmay_cornered_nines, layout_loops_cross,
          cheibrodos_sewer_entry_drain, dk_rats_in_the_wall
D:7:      layout_cave_pools, nicolae_tso_carved_into_rock,
          minmay_temple_entry_glassed_door, uniq_joseph
D:8:      minmay_the_grid_octo_tiled_squarecenter
          [minmay_the_grid_octo_fan_narrow, minmay_the_grid_octo_checkerflower,
          minmay_the_grid_octo_toaster, minmay_the_grid_octo_empty,
          minmay_the_grid_square_5x5_megaprize_open,
          minmay_the_grid_square_5x5_comb, minmay_the_grid_square_5x5_spiral,
          minmay_the_grid_square_5x5_misaligned,
          minmay_the_grid_square_5x5_inset], layout_rooms, tgw_xom,
          ashenzari_altar_1, david_lair_generic
D:9:      layout_roguey, mainiacjoe_overflow_concentric_impassable,
          yredelemnul_altar_generic, pdpol_wu_jian_five_deadly_venoms,
          serial_aquarium, aquarium_bridge_straight [aquarium_subvault_bridge,
          aquarium_subvault_balcony, aquarium_subvault_bridge,
          aquarium_subvault_window], aquarium_bridge_long_separate
          [aquarium_subvault_wall, aquarium_subvault_bridge,
          aquarium_subvault_wall, aquarium_subvault_window,
          aquarium_subvault_bridge, aquarium_subvault_bridge],
          aquarium_window_2, aquarium_window_fake, aquarium_window_2,
          aquarium_window_fake, aquarium_view_2b, aquarium_balcony_1b,
          aquarium_pool_five
D:10:     layout_gridville, mainiacjoe_overflow_small_starburst,
          hiddenorc1_lemuel, minmay_guarded_unrand_finisher
D:11:     layout_loops_cross, hangedman_abyss_or_decor_lesser_grid,
          dreamdust_princess_bridge, chequers_serial_rivers_micro_c
D:12:     layout_cave_pools, portal_ice_cave_entry_imps
D:13:     layout_basic
D:14:     layout_gridville, grunt_vaults_entry_tiered,
          nicolae_concentric_dashed_squares_wild, special_room
          [special_room_orc], uniq_agnes
D:15:     hangedman_depths_entry_try_elsewhere_first, layout_rooms,
          minmay_misc_feat_rugged
Temple:   jpeg_temple_clearing
Lair:1:   layout_concentric_octagons, gauntlet_entry_generic,
          gammafunk_ghost_split
Lair:2:   layout_loops_ring, dummy_spider_entry
Lair:3:   layout_roguey, swamp_mist, basic_altar, infiniplex_staircase_pool_2,
          lemuel_fruit_tree
Lair:4:   layout_long_grid, chequers_serial_rivers_micro_b, beast_lair_carwin_6
Lair:5:   grunt_lair_end_beastmaster, layout_regular_city,
          minmay_slime_entry_pillars, hibernation_bobbens
Swamp:1:  layout_falls_marsh, nicolae_swamp_well_well_well, swamp_pool4
Swamp:2:  layout_basic_swamp, evilmike_swamp_ruin_house_2, swamp_pool1,
          nicolae_swamp_wisp_ring_woods
Swamp:3:  cheibrodos_swamp_tower_of_moss, layout_falls_marsh,
          evilmike_swamp_ruin_rubble_1, uniq_louise
Swamp:4:  swamp_icy, layout_basic_swamp, swamp_pool1, infiniplex_staircase_pool
Spider:1: cheibrodos_forgotten_conduit, uniq_azrael, uniq_frances
Spider:2: layout_spider_delve, einodemon_crawler_minivault
Spider:3: layout_spider_delve, uniq_aizul
Spider:4: grunt_spider_rune_circles, hive_lemuel, uniq_arachne
Orc:1:    layout_diamond_mine, basic_altar, serial_shops, shop, minmay_orc_keep
Orc:2:    hellmonk_orc_salted, layout_caves, uniq_josephine, uniq_urug
Vaults:1: infiniplex_enter_wizlab_water, nicolae_vaults_hexular_roomagon,
          nicolae_vaults_apartment_2, vaults_room_hallway,
          nicolae_vaults_ellipses_ellipsis, hangedman_vaults_variations,
          nicolae_vaults_specimen_jars, v_misc_31, nicolae_vaults_apartment_2,
          ontoclasm_vaults_spin, nicolae_vaults_triangles,
          nicolae_vaults_taking_the_gang_shopping, grunt_vaults_hallway_long,
          special_room_vaults [special_room_orc], vaults_room_stairs_pillars,
          ontoclasm_vaults_gateway, layout_vaults_ring
Vaults:2: hangedman_vaults_capsules, nicolae_vaults_mitosis,
          nicolae_vaults_surprise_closet_hard, v_misc_11,
          hangedman_vaults_stagger, vaults_room_pool, ontoclasm_vaults_chip,
          hangedman_vaults_snaps, nicolae_vaults_trapezoid_4,
          grunt_vaults_focal, nicolae_vaults_offset_grid_hallway_1,
          nicolae_vaults_double_plus_1, layout_vaults_omnibox, serial_shops,
          shop_fountains
Vaults:3: nicolae_vaults_surprise_closet_hard, nicolae_vaults_double_plus_2,
          nicolae_vaults_double_plus_3, nicolae_vaults_lightning_bolt,
          nicolae_vaults_alarming, minmay_crypt_entry_necro_gods,
          nicolae_vaults_closet_pinwheel_2, v_misc_14, layout_vaults_big_room,
          enter_trove_6
Vaults:4: nicolae_vaults_storage_closets_2, vaults_standard_mumra_x,
          v_alt_pattern_2, grunt_vaults_swirl,
          nicolae_vaults_you_can_take_it_with_you, v_misc_2, v_rooms_1,
          v_misc_22, nicolae_vaults_rhombus_5, vaults_room_grid,
          layout_vaults_quadrants, serial_shops, nicolae_lakefront_shop

Skill      XL: |  1  2  3  4  5  6  7  8  9 10 11 12 13 14 15 16 17 18 19 20 |
---------------+-------------------------------------------------------------+-----
Fighting       | 1 2 3 4 5 6 8 10 11 12 13 14 15 16 17 | 17.6
Ice Magic      | 5 6 7 8 9 11 12 13 14 15 16 17 18 | 18.0
Spellcasting   | 3 4 5 6 7 8 9 10 11 12 | 12.0
Dodging        | 3 6 7 10 12 | 12.0
Transmutations | 3 7 10 12 13 15 16 18 19 | 19.0
Earth Magic    | 2 4 6 |  6.0
Polearms       | 5 9 12 14 15 17 19 22 23 | 23.5
Evocations     | 3 6 |  6.0
Conjurations   | 5 |  5.6
Stealth        | |  2.1

Action                     |  1- 3 |  4- 6 |  7- 9 | 10-12 | 13-15 | 16-18 | 19-21 || total
---------------------------+-------+-------+-------+-------+-------+-------+-------++-------
  Melee: Unarmed           |     5 |       |       |       |       |       |       ||     5
         Hand axe          |    31 |    10 |       |    19 |       |       |       ||    60
         Punch             |     1 |       |     1 |     1 |       |       |       ||     3
         Trident           |       |    44 |   242 |    85 |       |       |       ||   371
         Tailslap          |       |       |     3 |       |    23 |    31 |       ||    57
         Rapier            |       |       |       |    87 |       |       |       ||    87
         Scythe            |       |       |       |    98 |   668 |  1516 |   787 ||  3069
   Cast: Freeze            |    33 |    10 |       |     2 |    46 |    60 |       ||   151
         Frozen Ramparts   |       |     7 |    23 |    59 |    75 |    76 |    48 ||   288
         Ozocubu's Armour  |       |     1 |    13 |    37 |    53 |     1 |     1 ||   106
         Statue Form       |       |       |       |       |    17 |   117 |    50 ||   184
         Freezing Cloud    |       |       |       |       |     3 |     5 |       ||     8
         Ozocubu's Refrige |       |       |       |       |       |    17 |    25 ||    42
    Use: Scroll            |       |       |    12 |     6 |    22 |     7 |     1 ||    48
         Potion            |       |       |     1 |     6 |     9 |     6 |     9 ||    31
   Stab: Sleeping          |     5 |     5 |    15 |     2 |     1 |    13 |     8 ||    49
         Distracted        |       |       |       |     1 |     1 |     3 |     1 ||     6
 Armour: Robe              |     9 |    21 |    82 |   126 |   159 |    50 |    11 ||   458
         Skin              |       |       |       |       |   233 |  1250 |   455 ||  1938
  Dodge: Dodged            |    40 |    23 |   103 |   264 |   901 |  2987 |  1138 ||  5456
